 Dungeon Crawl Stone Soup version 0.17.1-1-g73c8601 (console) character file.

10676 Kloppie the Protected (level 11, -4/108 HPs)
             Began as a Deep Dwarf Fighter on Dec 22, 2015.
             Was a Believer of Makhleb.
             Slain by a nine-headed hydra (5 damage)
             ... on level 2 of the Lair of Beasts.
             The game lasted 00:23:45 (10322 turns).

Kloppie the Protected (Deep Dwarf Fighter)         Turns: 10322, Time: 00:23:45

Health: -4/108     AC: 21    Str: 20    XL:     11   Next: 39%
Magic:  5/5        EV:  7    Int:  9    God:    Makhleb [**....]
Gold:   296        SH:  0    Dex: 15    Spells: 0 memorised, 10 levels left

rFire  + . .     SeeInvis .     b - +3 morningstar
rCold  . . .     Clarity  .     V - +0 plate armour
rNeg   + . .     SustAt   .     (no shield)
rPois  .         Gourm    .     (no helmet)
rElec  .         Spirit   .     F - +2 cloak {MR+}
rCorr  .         Warding  .     (no gloves)
rMut   .         Stasis   .     O - +1 pair of boots
MR     ++...                    (no amulet)
Stlth  ..........               x - ring of positive energy
                                Q - ring of protection from fire

@: about to teleport, non-regenerating, very resistant to hostile enchantments,
extremely unstealthy
A: damage resistance, recharge devices, sense surroundings 2, slow regeneration
3
a: Device Recharging, Minor Destruction, Renounce Religion


You were on level 2 of the Lair of Beasts.
You worshipped Makhleb.
Makhleb was pleased with you.
You were not hungry.

You visited 3 branches of the dungeon, and saw 13 of its levels.

You collected 867 gold pieces.
You spent 571 gold pieces at shops.

Inventory:

Hand Weapons
 a - a +4 battleaxe of electrocution
 b - a +3 morningstar (weapon)
 w - a +0 battleaxe
Armour
 c - a +0 shield
 F - a +2 cloak of magic resistance (worn)
 O - a +1 pair of boots (worn)
 V - a +0 plate armour (worn)
Jewellery
 p - an uncursed ring of stealth
 x - a ring of positive energy (right hand)
 N - an uncursed ring of protection from magic
 Q - a ring of protection from fire (left hand)
Wands
 e - a wand of heal wounds (0)
 i - a wand of polymorph (12)
 s - a wand of fireball (7)
 T - a wand of cold (6)
Scrolls
 d - 3 scrolls of recharging
 n - 5 scrolls of teleportation
 v - 2 scrolls of magic mapping
 y - 3 scrolls of remove curse
 U - 2 scrolls of identify
Potions
 j - a potion of haste
 k - 2 potions of cure mutation
 o - 6 potions of brilliance
 q - 5 potions of curing
 r - 2 potions of cancellation
 A - a potion of agility
 H - a potion of might
Comestibles
 f - 6 bread rations
 h - a slice of pizza
 l - a chunk of flesh
 m - 11 meat rations


   Skills:
 + Level 9.9 Fighting
 + Level 11.5 Axes
 + Level 11.8 Armour
 - Level 3.2 Shields


You had 10 spell levels left.
You didn't know any spells.

Dungeon Overview and Level Annotations

Branches:
Dungeon (10/15)            Temple (1/1) D:5            Lair (2/8) D:10
    Orc: D:9-12

Altars:
Ashenzari
Cheibriados
Dithmenos
Elyvilon
Fedhas
Gozag
Kikubaaqudgha
Makhleb
Nemelex Xobeh
Okawaru
Qazlal
Ru
Sif Muna
Trog
Vehumet
Xom
Yredelemnul
Zin
The Shining One

Shops:
D:4 !??(


Innate Abilities, Weirdness & Mutations

You are resistant to damage.
You can recharge devices by infusing magical energy.
You passively map the area around you.
You do not regenerate naturally.


Message History

* * * LOW HITPOINT WARNING * * *
Read which item? (? for menu, Esc to quit)
Okay, then.
Drink which item? (? for menu, Esc to quit)
You feel better.
The nine-headed hydra bites you but does no damage. x6
The nine-headed hydra bites you.
The nine-headed hydra barely misses you. x2
Read which item? (? for menu, Esc to quit)
As you read the scroll of teleportation, it crumbles to dust.
You feel strangely unstable.
The nine-headed hydra bites you but does no damage.
The nine-headed hydra bites you!
* * * LOW HITPOINT WARNING * * *
The nine-headed hydra bites you but does no damage. x2
The nine-headed hydra bites you!
* * * LOW HITPOINT WARNING * * *
The nine-headed hydra barely misses you. x2
The nine-headed hydra bites you.
You die...

, * *,, * ,* ,, ,,
..### .+....## , , ,,
, ....., ..........#.
, , , ........
...#.......# ,,
.........#..#.....#.#*
, , *,* ....
....#........#.# , , *
.#* #..#..#.....#.# ,
, .## #..#........#Y#
,, , ..#
#...#.....@.#Y# * ,, ,
.## #..........D#.# ,
, .# #..........#Y.#,
,, , .#
##.#.###..P.#†.# *, *
.### #...## ###P.#....
, ,, ..P# ##.##
#..#...... ,
.P#####.###
#..##......., *
.P#P#.#..P##.....#
.#..... , ,
..................
##....., ,


You could see a nine-headed hydra and a yak.

Vanquished Creatures
  Fannar (Lair:1)
  A hill giant (D:10)
  A black mamba (Lair:1)
  The ghost of Acur the Skirmisher, a novice OpFi (D:4)
  3 spiny frogs
  A komodo dragon (D:10)
  The ghost of Acur the Skirmisher, an amateur OpFi (D:3)
  A blink frog (D:10)
  3 yaks
  A wyvern (D:9)
  A steam dragon (D:9)
  2 hippogriffs
  2 water moccasins
  4 orc warriors
  A wasp (D:7)
  A necrophage (D:8)
  2 sky beasts
  4 porcupines
  A phantom (D:6)
  3 centaurs
  3 ogres
  6 crocodiles
  8 big kobolds
  10 giant frogs
  A wyvern skeleton (D:6)
  A water moccasin skeleton (D:4)
  6 killer bees (D:8)
  8 wights (D:8)
  A quasit (D:10)
  A wasp zombie (D:7)
  6 crimson imps
  Crazy Yiuf (D:5)
  9 hounds
  3 jellies
  7 orc priests
  Natasha (thrice) (D:3)
  11 iguanas
  13 orc wizards
  5 worker ants
  8 sheep (Lair:1)
  A hound zombie (D:6)
  A hound skeleton (D:10)
  A worker ant zombie (D:7)
  13 adders
  11 gnolls
  2 shadow imps
  3 oozes
  2 adder skeletons
  2 worms
  7 giant geckos
  42 orcs
  25 hobgoblins
  8 jackals
  29 kobolds
  5 quokkas
  9 bats
  4 giant cockroaches
  12 giant newts
  2 gnoll zombies (D:9)
  32 goblins
  2 quokka skeletons (D:4)
  10 rats
  A fungus (Lair:1)
  2 plants (D:7)
372 creatures vanquished.

Vanquished Creatures (others)
  An orc wizard (D:6)
  A plant (D:7)
2 creatures vanquished.

Grand Total: 374 creatures vanquished

Notes
Turn   | Place    | Note
--------------------------------------------------------------
     0 | D:1      | Kloppie the Deep Dwarf Fighter began the quest for the Orb.
     0 | D:1      | Reached XP level 1. HP: 20/20 MP: 1/1
    63 | D:1      | Reached XP level 2. HP: 25/27 MP: 2/2
   579 | D:1      | Reached XP level 3. HP: 30/34 MP: 3/3
   955 | D:2      | Reached skill level 4 in Armour
  1178 | D:2      | Reached XP level 4. HP: 22/42 MP: 4/4
  1356 | D:2      | Found a sparkling altar of Nemelex Xobeh.
  1383 | D:2      | Found a blossoming altar of Fedhas.
  1394 | D:2      | Found a radiant altar of Vehumet.
  1604 | D:3      | Reached XP level 5. HP: 47/49 MP: 5/5
  1655 | D:3      | Noticed Acur's ghost (amateur OpFi)
  1664 | D:3      | Killed Acur's ghost
  1664 | D:3      | Reached skill level 5 in Armour
  1664 | D:3      | Reached XP level 6. HP: 46/57 MP: 6/6
  1766 | D:3      | Noticed Natasha
  1775 | D:3      | Killed Natasha
  1987 | D:3      | Noticed Natasha
  1992 | D:3      | Killed Natasha
  2121 | D:3      | Noticed Natasha
  2128 | D:3      | Killed Natasha
  2177 | D:4      | Found Kogitenk's Weapon Shop.
  2234 | D:4      | Found Dutrak's Distillery.
  2246 | D:4      | Bought a potion of degeneration for 13 gold pieces
  2246 | D:4      | Bought a potion of curing for 39 gold pieces
  2376 | D:4      | Found Bysatuda's Magic Scroll Shop.
  2381 | D:4      | Bought a scroll of identify for 22 gold pieces
  2381 | D:4      | Bought a scroll of remove curse for 33 gold pieces
  2381 | D:4      | Bought a scroll of teleportation for 33 gold pieces
  2481 | D:4      | Found a white marble altar of Elyvilon.
  2483 | D:4      | Found Atoosilu's Magic Scroll Shop.
  2555 | D:4      | Reached skill level 5 in Axes
  2555 | D:4      | Reached skill level 6 in Armour
  2555 | D:4      | Reached XP level 7. HP: 28/66 MP: 7/7
  2824 | D:4      | Noticed Acur's ghost (novice OpFi)
  2836 | D:4      | Killed Acur's ghost
  2836 | D:4      | Reached skill level 5 in Fighting
  3086 | D:4      | Reached XP level 8. HP: 64/75 MP: 8/8
  3104 | D:5      | Entered Level 5 of the Dungeon
  3192 | D:5      | Found a sacrificial altar of Ru.
  3230 | D:5      | Noticed Crazy Yiuf
  3239 | D:5      | Killed Crazy Yiuf
  3239 | D:5      | Reached skill level 7 in Armour
  3253 | D:5      | Got a brightly glowing mace
  3570 | D:5      | Found a staircase to the Ecumenical Temple.
  3596 | Temple   | Entered the Ecumenical Temple
  4255 | D:5      | Reached skill level 8 in Armour
  4877 | D:6      | Gained mutation: You passively map the area around you. [Deep Dwarf growth]
  4877 | D:6      | Reached XP level 9. HP: 46/85 MP: 8/8
  5417 | D:4      | Bought a +3 battleaxe of electrocution for 431 gold pieces
  5888 | D:7      | Reached skill level 9 in Armour
  6152 | D:7      | You fall through a shaft!
  6889 | D:8      | Found an iron altar of Okawaru.
  6897 | D:8      | Reached XP level 10. HP: 42/96 MP: 7/7
  7013 | D:8      | Reached skill level 10 in Armour
  7944 | D:9      | Found a basalt altar of Yredelemnul.
  8454 | D:9      | Found a burning altar of Makhleb.
  8460 | D:9      | Reached skill level 10 in Axes
  8465 | D:9      | Became a worshipper of Makhleb the Destroyer
  8703 | D:10     | Entered Level 10 of the Dungeon
  8740 | D:10     | Noticed a hill giant
  8765 | D:10     | Killed a hill giant
  8772 | D:10     | Found a staircase to the Lair.
  8904 | D:10     | Reached * piety under Makhleb
  8904 | D:10     | Reached skill level 11 in Armour
  9357 | Lair:1   | Entered Level 1 of the Lair of Beasts
  9421 | Lair:1   | Noticed Fannar
  9460 | Lair:1   | Killed Fannar
  9460 | Lair:1   | Reached XP level 11. HP: 76/106 MP: 7/7
  9482 | Lair:1   | Noticed a black mamba
  9492 | Lair:1   | Killed a black mamba
  9952 | Lair:1   | Reached ** piety under Makhleb
 10301 | Lair:2   | Noticed an eight-headed hydra
 10316 | Lair:2   | HP: 3/108 [nine-headed hydra (5)]
 10322 | Lair:2   | HP: 1/108 [nine-headed hydra (5)]
 10322 | Lair:2   | Slain by a nine-headed hydra

Action                   |  1- 3 |  4- 6 |  7- 9 | 10-12 || total
-------------------------+-------+-------+-------+-------++-------
Melee: War axe           |   143 |   153 |   323 |       ||   619
       Battleaxe         |       |       |   136 |   319 ||   455
       Morningstar       |       |       |       |    10 ||    10
 Abil: Device Recharging |       |       |     3 |     3 ||     6
Evoke: Wand              |       |     1 |    11 |    18 ||    30
  Use: Potion            |       |     1 |     6 |     5 ||    12
       Scroll            |       |       |     7 |    14 ||    21
  Eat: Chunk             |     1 |     5 |    12 |    11 ||    29
       Pizza             |       |       |     2 |       ||     2
